 Dungeon Crawl Stone Soup version 0.28-a0-906-g0406aca7d3 (webtiles) character file.

Game seed: 1927652246165585514

75 vurker the Gusty (level 4, 19/19 HPs)
             Began as a Felid Air Elementalist on Nov 23, 2021.
             Quit the game on level 3 of the Dungeon.
             The game lasted 00:02:34 (1948 turns).

vurker the Gusty (Felid Air Elementalist)           Turns: 1948, Time: 00:02:35

Health: 19/19      AC:  1    Str:  4    XL:     4   Next: 11%
Magic:  9/9        EV: 17    Int: 17    God:
Gold:   67         SH:  0    Dex: 17    Spells: 8/9 levels left
                                        Lives:  0   Deaths: 1

rFire   . . .      SeeInvis +   (weapon unavailable)
rCold   . . .      Faith    .   (shield unavailable)
rNeg    . . .      Spirit   .   (armour unavailable)
rPois   .          Reflect  .   (helmet unavailable)
rElec   .          Harm     .   (cloak unavailable)
rCorr   .          Rampage  .   (gloves unavailable)
Will    .....                   (boots unavailable)
Stlth   ++........              a - amulet of magic regeneration
HPRegen 0.06/turn               (no ring)
MPRegen 0.36/turn               (no ring)

@: quick
A: very small, claws 1, fangs 3, see invisible, speed 1, shaggy fur 1, stealthy
paws, no weapons or thrown items, no armour, multi-lived
a: no special abilities


You were on level 3 of the Dungeon.
You visited 1 branch of the dungeon, and saw 3 of its levels.

You collected 67 gold pieces.

Inventory:

Jewellery
 a - an amulet of magic regeneration (around neck)
   (You found it on level 1 of the Dungeon)
Scrolls
 b - a scroll of enchant weapon {unknown}
 c - 3 scrolls of teleportation {unknown}
 e - 2 scrolls of identify {unknown}
 g - a scroll of enchant armour {unknown}
 i - a scroll of amnesia {unknown}
 j - a scroll of acquirement {unknown}
 k - a scroll of fear {unknown}
Potions
 f - a potion of attraction
 h - a potion of brilliance


   Skills:
 + Level 1.7 Fighting
 - Level 2.6 Dodging
 - Level 2.6 Stealth
 * Level 3.2 Spellcasting
 + Level 1.8 Conjurations
 * Level 3.8 Air Magic


You had 8 spell levels left.
You knew the following spells:

 Your Spells              Type           Power      Damage    Failure   Level
a - Shock                 Conj/Air       48%        1d6       5%          1

Your spell library contained the following spells:

 Spells                   Type           Power      Damage    Failure   Level
 Magic Dart               Conj           36%        1d4       8%          1
 Static Discharge         Conj/Air       12%        N/A       9%          2
 Swiftness                Air            15%        N/A       11%         3
 Summon Small Mammal      Summ           8%         N/A       17%         1
 Mephitic Cloud           Conj/Pois/Air  9%         N/A       24%         3
 Call Imp                 Summ           2%         N/A       26%         2
 Airstrike                Air            7%         N/A       34%         4
 Call Canine Familiar     Summ           2%         N/A       45%         3
 Summon Guardian Golem    Hex/Summ       2%         N/A       45%         3


Dungeon Overview and Level Annotations

Branches:
Dungeon (3/15)

Altars:
Cheibriados

Annotations:
D:3 Sigmund


Innate Abilities, Weirdness & Mutations

You have sharp claws.
You have razor-sharp teeth.
You have supernaturally acute eyesight. (SInv)
You cover ground quickly. (Speed+)
You are covered in fur. (AC +1)
Your paws help you pounce on unaware monsters.
You are incapable of wielding weapons or throwing items.
You cannot wear armour.
You gain extra lives every three experience levels.


Message History

A bat comes into view.
The bat moves out of view.
Things that are here:
a +0 flail; a +0 leather armour; an orc corpse
Things that are here:
a +0 club; a +1 dagger of venom; a goblin corpse A bat is nearby!
A bat is nearby!
Aim: a bat (52% to hit)
You miscast Shock.
You are very lightly contaminated with residual magic.
Nothing appears to happen.
A bat is nearby!
Aim: a bat (52% to hit)
The zap hits the bat.
You kill the bat!
Your magical contamination has completely faded away.
Sigmund the Dreaded comes into view.
He is wielding a +0 scythe.
Found a stone staircase leading up.
Aim: Sigmund, wielding a +0 scythe and wearing a +0 robe (asleep, 100% to hit)
The zap hits Sigmund.
Aim: Sigmund, wielding a +0 scythe and wearing a +0 robe (lightly wounded, 64% to hit)
Okay, then.
Sigmund gestures at you while chanting.
You are confused.
It was a potion of attraction.
You feel attractive to monsters. Sigmund is attracted toward you.
It was a potion of brilliance.
You feel clever all of a sudden. Sigmund completely misses you.
You scratch Sigmund but do no damage.
Sigmund points at you and mumbles some strange words.
The magic dart hits you! Sigmund misses you.
You bump into the rock wall.
You scratch Sigmund. You bite Sigmund.
You feel less confused. Sigmund hits you with a +0 scythe!
Ouch! That really hurt!
* * * LOW HITPOINT WARNING * * *
Sigmund barely misses you. Sigmund is attracted toward you.
Sigmund is attracted toward you.
It was a potion of curing.
You feel better. Sigmund hits you with a +0 scythe!
Ouch! That really hurt!
You die...
You are now level 4!
You rejoin the land of the living...
Okay, then.
Okay, then.

##............
#.. ......
#...####......
##.>#..#< .
#.### ......
.....#. #.#
...... ......
#.# ... ###.####
#.# #......# .
##.##
#.#.##.########
#..##...#
#.#.##<#.....@#
.......#.###
#.#.........#.#.
##..##..†#..
#.####.#........
... ####@.§
#.####.#.####.##
# ####..#
#......#......#
#......
###############
#.#.... #.#..#.
#.#..#. #.#....


There were no monsters in sight!

Vanquished Creatures
  A hound (D:3)
  6 gnolls (D:3)
  An adder (D:3)
  2 worms (D:2)
  4 orcs (D:3)
  6 ball pythons
  3 endoplasms (D:3)
  6 goblins
  2 hobgoblins
  3 jackals (D:1)
  3 quokkas
  5 bats
  8 frilled lizards
  A kobold (D:2)
  3 rats
54 creatures vanquished.

Vanquished Creatures (others)
  3 plants (D:3)
3 creatures vanquished.

Grand Total: 57 creatures vanquished

Notes
Turn   | Place    | Note
-------+----------+-------------------------------------------
     0 | D:1      | vurker the Felid Air Elementalist began the quest for the
                  | Orb.
     0 | D:1      | Reached XP level 1. HP: 7/7 MP: 4/4
   238 | D:1      | Reached skill level 1 in Conjurations
   280 | D:1      | Reached XP level 2. HP: 11/11 MP: 1/6
   401 | D:1      | Found a faded altar of an unknown god.
  1159 | D:2      | Reached XP level 3. HP: 15/15 MP: 5/7
  1413 | D:3      | Reached skill level 1 in Fighting
  1535 | D:3      | Reached XP level 4. HP: 14/19 MP: 2/9
  1779 | D:3      | Found a snail-covered altar of Cheibriados.
  1826 | D:3      | Reached XP level 5. HP: 16/22 MP: 1/10
  1930 | D:3      | Noticed Sigmund
  1947 | D:3      | Slain by Sigmund
  1948 | D:3      | Reached XP level 4. HP: 0/19 MP: 9/9
  1948 | D:3      | Quit the game

Illustrated notes

Levels and vault maps discovered:
D:1:      minmay_arrival_hallway, layout_loops_ring,
          dreamdust_ecumenical_altar_statues
D:2:      layout_rooms, nicolae_figureground_sparkle
D:3:      layout_loops_cross, old_standard_altar, minmay_lizard_king,
          uniq_sigmund

Skill      XL: |  1  2  3  4 |
---------------+-------------+-----
Conjurations   | 1 |  1.8
Air Magic      | 3 |  3.8
Fighting       | 1 |  1.7
Spellcasting   | 3 |  3.2
Dodging        | |  2.6
Stealth        | |  2.6

Action                   |  1- 3 |  4- 6 || total
-------------------------+-------+-------++-------
Melee: Unarmed           |       |     2 ||     2
       Bite              |       |     1 ||     1
 Cast: Shock             |    90 |    40 ||   130
  Use: Potion            |       |     3 ||     3
Armor: Skin              |     3 |       ||     3
Dodge: Dodged            |     9 |     7 ||    16

Table legend: (Time is in decaauts)
 A = Elapsed time spent in this place.
 B = Non-inter-level travel time spent in this place.
 C = Inter-level travel time spent in this place.
 D = Time resting spent in this place.
 E = Time spent auto-exploring this place.
 F = Levels seen in this place.
 G = Mean time per level.
                   A        B        C        D        E       F      G
               +--------+--------+--------+--------+--------+-----+--------+
         Total |   1673 |   1625 |     48 |      0 |   1311 |   3 |  557.7 |
       Dungeon |   1673 |   1625 |     48 |      0 |   1311 |   3 |  557.7 |
               +--------+--------+--------+--------+--------+-----+--------+

Top non-repeatable levels by time:
     D:1: 581 daAuts
     D:3: 567 daAuts
     D:2: 524 daAuts
